 Dungeon Sprint DCSS version 0.22-a0-282-gdd34a7d (webtiles) character file.

103 Ghella the Covered (level 4, -5/30 HPs)
             Began as a Gargoyle Fighter on Mar 17, 2018.
             Was an Initiate of Qazlal.
             Slain by a merfolk
             ... wielding a +0 trident
              (8 damage)
             ... in the Dungeon (Sprint V: "Ziggurat Sprint").
             The game lasted 00:03:41 (381 turns).

Ghella the Covered (Gargoyle Fighter)                Turns: 381, Time: 00:03:41

Health: -5/30      AC: 11    Str: 20    XL:     4   Next: 79%
Magic:  4/4        EV:  8    Int:  9    God:    Qazlal [......]
Gold:   0          SH: 12    Dex:  9    Spells: 3/3 levels left

rFire    . . .     SeeInvis .   P - +8 whip "Snakebite" {curare, rPois}
rCold    . . .     Gourm    .   C - +3 shield
rNeg     + . .     Faith    .   b - +0 scale mail
rPois    ∞         Spirit   .   (no helmet)
rElec    +         Reflect  .   (no cloak)
rCorr    .         Harm     .   (no gloves)
MR       .....     NoTele   +   (no boots)
Stlth    ..........             (no amulet)
HPRegen  0.10/turn              (no ring)
MPRegen  0.09/turn              (no ring)

@: no status effects
A: negative energy resistance 1, electricity resistance, unbreathing,
petrification resistance, rot immunity, AC +3
a: Renounce Religion


You were in the Dungeon.
You worshipped Qazlal.
Qazlal was noncommittal.
You were not hungry.

You visited 1 branch

Inventory:

Hand Weapons
 a - a +0 flail
 z - a +5 battleaxe
 A - a +5 broad axe
 B - a +5 executioner's axe
 M - the +7 great mace "Firestarter" {inner flame, rF++}
   (You found it in the Dungeon)

   It has been specially enchanted to burn those struck by it, causing extra
   injury to most foes and up to half again as much damage against particularly
   susceptible opponents.
   It greatly protects you from fire.
 O - the +6 hand axe of Imnepsu {holy, Str+3}
   (You found it in the Dungeon)

   It has been blessed by the Shining One to cause great damage to the undead
   and demons.
   It affects your strength (+3).
 P - the +8 whip "Snakebite" (weapon) {curare, rPois}
   (You found it in the Dungeon)

   It poisons the flesh of those it strikes.
   It protects you from poison.
Armour
 b - a +0 scale mail (worn)
 c - a +5 crystal plate armour
 C - a +3 shield (worn)
 D - +5 gold dragon scales
 E - +5 storm dragon scales
 K - the +15 Maxwell's patent armour {-Cast -Tele rElec MR+ rCorr}
   (You found it in the Dungeon)

   It insulates you from electricity.
   It affects your resistance to hostile enchantments.
   It prevents spellcasting.
   It prevents most forms of teleportation.
   It protects you from acid and corrosion.
 L - the +18 shield of the Gong {rElec rN+ MR+ EV-5}
   (You found it in the Dungeon)

   It affects your evasion (-5).
   It insulates you from electricity.
   It protects you from negative energy.
   It affects your resistance to hostile enchantments.
Jewellery
 r - a +6 ring of dexterity
 F - a +6 ring of dexterity
 G - a +6 ring of intelligence
 H - a +6 ring of intelligence
 I - a +6 ring of strength
 J - a +6 ring of strength
Wands
 l - a wand of disintegration (7)
 m - a wand of iceblast (7)
 n - a wand of acid (7)
Scrolls
 k - 4 scrolls of blinking
 t - 4 scrolls of amnesia
 u - 7 scrolls of fog
 v - a scroll of holy word
 w - 5 scrolls of identify
 x - 5 scrolls of remove curse
 y - 2 scrolls of fear
Potions
 d - 6 potions of might
 e - 10 potions of curing
 g - 10 potions of heal wounds
 h - 6 potions of haste
 i - 7 potions of magic
 j - 2 potions of berserk rage
 o - 2 potions of brilliance
 p - 2 potions of invisibility
 q - 4 potions of resistance
 s - 5 potions of agility
Miscellaneous
 N - a lightning rod (4/4)
Comestibles
 f - 7 rations


   Skills:
 + Level 4.8 Fighting
 * Level 5.5(5.6) Axes
 - Level 2.0(4.3) Maces & Flails
 + Level 7.8 Armour
 + Level 0.5 Dodging
 + Level 0.3 Stealth
 + Level 5.3 Shields


You had 3 spell levels left.
You didn't know any spells.

Dungeon Overview and Level Annotations

Branches:
Dungeon (1/1)

Altars:
Ashenzari
Cheibriados
Dithmenos
Elyvilon
Fedhas
Gozag
Hepliaklqana
Kikubaaqudgha
Makhleb
Nemelex Xobeh
Okawaru
Qazlal
Ru
Sif Muna
Trog
Uskayaw
Vehumet
Wu Jian
Xom
Yredelemnul
Zin
The Shining One
Beogh
Jiyva
Lugonu

Annotations:
D 1 transporter


Innate Abilities, Weirdness & Mutations

You are resistant to torment.
Your stone body is resilient. (AC +3)
You are immune to poison.
You resist negative energy. (rN+)
You are resistant to electric shocks. (rElec)
You can survive without breathing.
You are immune to petrification.
You are immune to rotting.


Message History

The +6 hand axe of Imnepsu {holy, Str+3} stops glowing.
The +8 whip "Snakebite" {curare, rPois} begins to drip with poison!
P - the +8 whip "Snakebite" (weapon)
{curare, rPois}
There is a transporter here.
Welcome to arena 2.
You enter the transporter and appear at another place. 3 merfolk come into view.
A merfolk is wielding a trident of freezing.
The merfolk shouts! x2
The merfolk throws a throwing net.
The throwing net hits you.
You become entangled in the net!
Found four items.
Found a transporter.
You struggle against the net.
You struggle against the net.
You struggle against the net.
The merfolk hits you from afar with a trident! x2
* * * LOW HITPOINT WARNING * * *
You rip the net and break free!
You block the merfolk's attack.
The merfolk hits you from afar with a trident!
You die...

▓▓▓▓▓▓▓▓▓▓▓▓▓
▓.8©8.▓.8©8.▓
▓.=||.▓.....▓
▓.....▓.....▓
▓.....▓.....▓
▓.mmm.▓.....▓
▓.....▓..©..▓
▓..@..▓▓▓▓▓▓▓
▓▓▓▓▓▓▓


You could see 3 merfolk.

Vanquished Creatures
  2 scorpions (D)
2 creatures vanquished.

Notes
Turn   | Place    | Note
-------+----------+-------------------------------------------
     0 | D        | Found the +6 Majin-Bo {vamp, Archmagi MP+6 Int+6}
     0 | D        | Found the +7 great mace "Firestarter" {inner flame, rF++}
     0 | D        | Ghella the Gargoyle Fighter began the quest for the Orb.
     0 | D        | Reached XP level 1. HP: 14/14 MP: 1/1
     0 | D        | Found a deep blue altar of Sif Muna.
     0 | D        | Found a bloodstained altar of Trog.
     0 | D        | Found a sacrificial altar of Ru.
     0 | D        | Found a stormy altar of Qazlal.
     0 | D        | Found an iron altar of Okawaru.
     4 | D        | Found a sparkling altar of Nemelex Xobeh.
     8 | D        | Found a blossoming altar of Fedhas.
    10 | D        | Found a transporter.
    10 | D        | Found an ancient bone altar of Kikubaaqudgha.
    10 | D        | Found a viscous altar of Jiyva.
    10 | D        | Found a corrupted altar of Lugonu.
    10 | D        | Found a hazy altar of Hepliaklqana.
    10 | D        | Found a burning altar of Makhleb.
    10 | D        | Found an opulent altar of Gozag.
    59 | D        | Reached skill level 6 in Armour
    59 | D        | Reached XP level 2. HP: 19/19 MP: 2/2
    73 | D        | Found the +9 heavy crossbow "Sniper" {velocity, Acc+∞ SInv}
    73 | D        | Found the +10 dark maul {crush}
    73 | D        | Found the +15 Maxwell's patent armour {-Cast -Tele rElec MR+ rCorr}
    73 | D        | Found the +18 shield of the Gong {rElec rN+ MR+ EV-5}
    73 | D        | Found the cursed +14 obsidian axe {chop, +Fly SInv *Curse}
    78 | D        | Found the +6 shillelagh "Devastator" {shatter}
    78 | D        | Found the +11 plutonium sword {*Contam Stlth-}
    78 | D        | Found the +8 lance "Wyrmbane" {slay drac, rPois rF+ rC+ AC+3}
    78 | D        | Found the +9 sword of Zonguldrok {reap}
    78 | D        | Found the cursed +13 scythe of Curses {drain, *Curse}
    78 | D        | Found the +0 sword of Power
    78 | D        | Found the +0 mace of Variability {chaos}
    78 | D        | Found the +7 Singing Sword
    78 | D        | Found the +7 longbow "Piercer" {penet, EV-2}
   124 | D        | Became a worshipper of Qazlal Stormbringer
   139 | D        | Entered arena 2.
   139 | D        | Noticed a scorpion
   139 | D        | Noticed a scorpion
   139 | D        | Found a transporter.
   140 | D        | Found the +8 whip "Snakebite" {curare, rPois}
   160 | D        | Killed a scorpion
   160 | D        | Reached skill level 5 in Axes
   160 | D        | Reached skill level 7 in Armour
   160 | D        | Reached XP level 3. HP: 10/24 MP: 3/3
   160 | D        | Reached XP level 4. HP: 12/29 MP: 4/4
   162 | D        | Reached skill level 5 in Shields
   252 | D        | Got the +6 hand axe of Imnepsu {holy, Str+3}
   377 | D        | Entered arena 3.
   377 | D        | Noticed a merfolk
   377 | D        | Noticed a merfolk
   377 | D        | Noticed a merfolk
   377 | D        | Found a transporter.
   381 | D        | Slain by a merfolk

Vault maps used:
D:        sprint_v

Skill      XL: |  1  2  3  4 |
---------------+-------------+-----
Axes           | 4 5 |  5.5
Armour         | 6 7 |  7.8
Fighting       | 4 |  4.8
Shields        | 4 5 |  5.3
Maces & Flails | |  2.0
Dodging        | |  0.5
Stealth        | |  0.3

Action                   |  1- 3 |  4- 6 || total
-------------------------+-------+-------++-------
Melee: Flail             |    18 |     2 ||    20
  Use: Potion            |     2 |       ||     2
Armor: Scale mail        |    15 |     1 ||    16
Dodge: Dodged            |     6 |       ||     6
Block: Shield            |    18 |     2 ||    20

Table legend:
 A = Spawn XP
 B = Non-spawn XP
 C = Spawn XP percentage of total XP
 D = Spawn monster count
 E = Non-spawn monster count
 F = Spawn count percentage of total count
 G = Total turns spent on level
                    A         B        C        D         E        F      G
               +---------+---------+-------+---------+---------+-------+---------
         Total |       0 |     138 |   0.0 |       0 |       2 |   0.0 |   381
               +---------+---------+-------+---------+---------+-------+---------
             D |       0 |     138 |   0.0 |       0 |       2 |   0.0 |   381
               +---------+---------+-------+---------+---------+-------+---------
